 Dungeon Crawl Stone Soup version 0.28.0-53-g5a82cb258f (webtiles) character file.

Game seed: 186603264919584362

11 Tirrikindir the Skirmisher (level 2, 19/21 HPs)
             Began as an Octopode Fighter on Aug 5, 2022.
             Was a Follower of Yredelemnul.
             Got out of the dungeon alive.
             The game lasted 00:00:56 (144 turns).

Tirrikindir the Skirmisher (Octopode Fighter)        Turns: 144, Time: 00:00:57

Health: 19/21      AC:  1    Str: 15    XL:     2   Next: 29%
Magic:  2/2        EV: 13    Int: 10    God:    Yredelemnul [*.....]
Gold:   17         SH:  4    Dex: 11    Spells: 1/1 levels left

rFire   . . .      SeeInvis .   a - +0 long sword
rCold   . . .      Faith    .   b - +0 buckler
rNeg    . . .      Spirit   .   (helmet restricted)
rPois   .          Reflect  .   (no amulet)
rElec   .          Harm     .   (no ring)
rCorr   .          Rampage  .   (no ring)
Will    .....                   (no ring)
Stlth   ++........              (no ring)
HPRegen 0.07/turn               (no ring)
MPRegen 0.08/turn               (no ring)
                                (no ring)
                                (no ring)

@: no status effects
A: almost no armour, amphibious, 8 rings, camouflage 1, gelatinous body 1,
(nimble swimmer 1), tentacles
a: Renounce Religion, Recall Undead Harvest


You escaped.
You worshipped Yredelemnul.
Yredelemnul was noncommittal.
You visited 1 branch of the dungeon, and saw 1 of its levels.

You collected 17 gold pieces.

Inventory:

Hand Weapons
 a - a +0 long sword (weapon)
 d - a +0 short sword
Armour
 b - a +0 buckler (worn)
Potions
 c - a potion of might


   Skills:
 + Level 3.1 Fighting
 * Level 2.3 Long Blades
 + Level 3.1 Dodging
 + Level 0.9 Stealth
 + Level 3.1 Shields


You had one spell level left.
You didn't know any spells.
Your spell library was empty.

Dungeon Overview and Level Annotations

Branches:
Dungeon (1/15)

Altars:
Yredelemnul


Innate Abilities, Weirdness & Mutations

You cannot wear most types of armour.
You are amphibious.
You can wear up to eight rings at the same time.
Your skin changes colour to match your surroundings (Stealth+).
Your rubbery body absorbs attacks. (AC +1, EV +1)
((You are camouflaged when in or above water. (Stealth+)))
You have tentacles for arms and can constrict up to eight enemies at once.


Message History

You slash the kobold!
You kill the kobold!
You have reached level 2!
You closely miss the rat. You grab the rat.
You squeeze the rat, but do no damage. You constrict the rat.
You kill the rat!
You see here a frilled lizard corpse.
There is a faded altar of an unknown god here.
You cannot tell which god this altar belongs to.
Convert to them anyway?
Yredelemnul accepts your prayer! Yredelemnul welcomes you!
You can now reap souls.
You can now recall your undead harvest.
(D) Dungeon
Where to? (? - help)
What level of the Dungeon? (default 1, ? - help)
Found a metallic cyan potion.
A dart slug comes into view.
Found 17 gold pieces.
A ball python comes into view.
The ball python hisses angrily.
The dart slug launches a dart at you. You block the slug dart.
You hit the dart slug. You grab the dart slug. You squeeze the dart slug.
You kill the dart slug!
A black mist starts to gather...
Your adder zombie completely misses the ball python.
You block the ball python's attack. The ball python misses you.
You hit the ball python. Your grab misses the ball python.
You squeeze the ball python.
You kill the ball python!
A black mist starts to gather...
(D) Dungeon
Where to? (Enter - D:1 @ (x,y), ? - help)
Okay, then.
(D) Dungeon
Where to? (Enter - D:1 @ (x,y), ? - help)
What level of the Dungeon? (default 1, ? - help)
There is a staircase leading out of the dungeon here.
Are you sure you want to leave the Dungeon?
This will make you lose the game!
You have escaped!

..#
.######.########
P.............P#
≈P...........P≈#
≈≈P.........P≈≈#
≈≈≈P.......P≈≈≈#
≈≈≈≈P.....P≈≈≈≈#
≈≈≈≈≈P.@.P≈≈≈≈≈#
≈≈≈≈P..Z..P≈≈≈≈#
≈≈≈P...Z...P≈≈≈#
≈≈P....Z....P≈≈#
≈P.....Z.....P≈#
P........(....P##
#.###.#Z#####.#.#
#. #...#####.#.#
.###.##Z.....#.####


You could see 3 friendly ball python zombies, a friendly adder zombie and a
friendly quokka zombie.

Vanquished Creatures
  A dart slug (D:1)
  A ball python (D:1)
  An endoplasm (D:1)
  3 kobolds (D:1)
  A quokka (D:1)
  A frilled lizard (D:1)
  A rat (D:1)
9 creatures vanquished.

Notes
Turn   | Place    | Note
-------+----------+-------------------------------------------
     0 | D:1      | Tirrikindir the Octopode Fighter began the quest for the
                  | Orb.
     0 | D:1      | Reached XP level 1. HP: 16/16 MP: 1/1
    75 | D:1      | Found a faded altar of an unknown god.
    98 | D:1      | Reached XP level 2. HP: 15/21 MP: 2/2
   102 | D:1      | Prayed at the altar of an unknown god.
   102 | D:1      | Became a worshipper of Yredelemnul the Dark
   102 | D:1      | Reached * piety under Yredelemnul
   144 | D:$      | Got out of the dungeon alive.

Illustrated notes

Levels and vault maps discovered:
D:1:      eino_arrival_druids_welcome, layout_loops_ring,
          ebering_ecumenical_altar_box

Action                   || total
-------------------------++-------
Melee: Long sword        ||    16
       Tentacles         ||     5
       Constrict         ||     4
 Stab: Sleeping          ||     1
Dodge: Dodged            ||    12
Block: Buckler           ||     2
